 Dungeon Crawl Stone Soup version 0.21.1-1-g345015f (webtiles) character file.

8248 Lilu the Destroyer (level 11, -8/68 (69) HPs)
             Began as a Deep Elf Conjurer on July 27, 2018.
             Was a Believer of Vehumet.
             Killed from afar by Josephine (17 damage)
             ... with a ghostly fireball
             ... on level 10 of the Dungeon.
             The game lasted 00:53:11 (10847 turns).

Lilu the Destroyer (Deep Elf Conjurer)             Turns: 10847, Time: 00:53:12

HP:   -8/68 (69)    AC:  9    Str:  7    XL:     11   Next: 7%
MP:   8/35          EV: 17    Int: 24    God:    Vehumet [**....]
Gold: 615           SH:  0    Dex: 15    Spells: 11/28 levels left

rFire    + . .     SeeInvis +   J - +2 falchion (holy)
rCold    + . .     Gourm    .   (no shield)
rNeg     . . .     Faith    .   L - +1 robe {rC+ rF+}
rPois    .         Spirit   .   o - +2 helmet {SInv}
rElec    .         Reflect  .   (no cloak)
rCorr    .         Harm     .   (no gloves)
MR       +....                  I - +2 pair of boots
Stlth    ++........             (no amulet)
HPRegen  0.21/turn              i - ring of magical power
MPRegen  0.24/turn              H - +2 ring of intelligence (curse)

@: heavily drained
A: no striking features
a: Renounce Religion


You were on level 10 of the Dungeon.
You worshipped Vehumet.
Vehumet was pleased with you.
You were not hungry.

You visited 2 branches of the dungeon, and saw 11 of its levels.

You collected 615 gold pieces.

Inventory:

Hand Weapons
 J - a +2 falchion of holy wrath (weapon)
 K - a +0 great sword of freezing
Missiles
 l - 342 stones (quivered)
 w - 127 arrows
Armour
 a - a +0 robe
 o - a +2 helmet of see invisible (worn)
 I - a +2 pair of boots (worn)
 L - a +1 robe of resistance (worn)
Jewellery
 i - a ring of magical power (left hand)
 G - a +3 ring of strength
 H - a cursed +2 ring of intelligence (right hand)
 N - a +6 ring of dexterity {unknown}
Wands
 u - a wand of flame (19)
 v - a wand of acid (7)
 M - a wand of clouds (2)
 P - a wand of polymorph (18)
 S - a wand of digging (22)
Scrolls
 d - 8 scrolls of remove curse
 f - a scroll of teleportation {unknown}
 g - 3 scrolls of random uselessness {unknown}
 h - 2 scrolls of holy word {unknown}
 j - a scroll of magic mapping {unknown}
 m - 3 scrolls of fear {unknown}
 n - 4 scrolls of enchant armour {unknown}
 p - 3 scrolls of immolation {unknown}
 t - 6 scrolls of identify {unknown}
 x - 3 scrolls of noise {unknown}
 y - 3 scrolls of blinking {unknown}
 B - 3 scrolls of fog {unknown}
 F - 2 scrolls of enchant weapon {unknown}
 Q - a scroll of vulnerability {unknown}
Potions
 e - 2 potions of invisibility
 k - 5 potions of curing
 q - 3 potions of heal wounds
 r - a potion of berserk rage {unknown}
 s - 3 potions of agility {unknown}
 z - a potion of mutation {unknown}
 A - 2 potions of resistance {unknown}
 C - 2 potions of degeneration {unknown}
 D - 2 potions of haste {unknown}
 E - 2 potions of lignification {unknown}
 O - a potion of might {unknown}
Books
 b - a book of Conjurations

   Spells                             Type                      Level
   a - Magic Dart                     Conjuration                  1
   b - Searing Ray                    Conjuration                  2
   c - Dazzling Spray                 Conjuration/Hexes            3
   d - Fulminant Prism                Conjuration/Hexes            4
   e - Force Lance                    Conjuration/Translocation    4
   f - Iskenderun's Mystic Blast      Conjuration                  4
 R - a book of Clouds

   Spells                             Type                      Level
   a - Poisonous Vapours              Poison/Air                   2
   b - Mephitic Cloud                 Conjuration/Poison/Air       3
   c - Conjure Flame                  Conjuration/Fire             3
   d - Freezing Cloud                 Conjuration/Ice/Air          6
   e - Ring of Flames                 Charms/Fire                  7
Comestibles
 c - 23 rations


   Skills:
 - Level 8.8(6.4) Fighting
 - Level 10.0(7.5) Dodging
 - Level 2.4(0.4) Stealth
 + Level 9.3(6.9) Spellcasting
 - Level 10.0(7.5) Conjurations
 + Level 2.7(0.7) Translocations


You had 11 spell levels left.
You knew the following spells:

 Your Spells              Type           Power        Failure   Level  Hunger
a - Magic Dart            Conj           ####         1%          1    None
b - Searing Ray           Conj           #####.       1%          2    None
c - Iskenderun's Mystic   Conj           #####...     3%          4    ###....
d - Force Lance           Conj/Tloc      ####....     13%         4    ###....
e - Mephitic Cloud        Conj/Pois/Air  ###.....     8%          3    None
f - Conjure Flame         Conj/Fire      ####....     4%          3    None


Dungeon Overview and Level Annotations

Branches:
Dungeon (10/15)            Temple (1/1) D:7            Lair (0/6) D:10
    Orc (0/2) D:10

Altars:
Ashenzari
Hepliaklqana
Sif Muna
Uskayaw
Vehumet
Yredelemnul
Zin
The Shining One

Shops:
D:6 :

Annotations:
D:10 Josephine


Message History

Press: ? - help, Shift-Dir - straight line, f/p - Josephine
Aim: Josephine, wielding a dagger and wearing a runed robe (almost dead)
The orb of energy hits Josephine.
Josephine is almost dead.
The orb of energy explodes!
Josephine drinks a potion.
Josephine is healed!
Casting: Iskenderun's Mystic Blast
Confirm with . or Enter, or press ? or * to list all spells.
Aiming: Iskenderun's Mystic Blast
Press: ? - help, Shift-Dir - straight line, f/p - Josephine
Aim: Josephine, wielding a dagger and wearing a runed robe (heavily wounded)
The orb of energy misses Josephine.
Josephine gestures at you while chanting.
The ghostly flame explodes!
The ghostly fireball engulfs you!
You feel drained.
The ghostly fireball engulfs Josephine.
Josephine completely resists.
Josephine gestures at you while chanting.
The ghostly flame explodes!
The ghostly fireball engulfs you!
You feel drained.
* * * LOW HITPOINT WARNING * * *
Josephine gestures at you while chanting.
The ghostly flame explodes!
The ghostly fireball engulfs you!
You feel drained.
You die...

.......###.# #.# #####.....###
#..........# #.####.........#
#.###.###### ##..............#
#.# #.# ##.###.#...........# #.#
#.# #####.## ##.###...######
#.###.# #.<...# #.# #...#
...##.####.###.## ##.# #...#
#.#.....##.# ##.###.## ##.##
#>#.....##.# ##@..######.###
#......).).# ##...@.W.W...#
#.#.....#### #########.#.#####
........# #.#.##... ###.#.###
#.#@##.## .##.[.# #.#.##.#
###.### ###############.#....#
...########...............######
#...........###############


You could see Josephine and a wraith.

Vanquished Creatures
  2 two-headed ogres
  Pikel (D:7)
  A centaur skeleton (D:10)
  Grinder (D:4)
  Prince Ribbit (D:6)
  A spriggan (D:7)
  A wyvern (D:9)
  A wraith (D:10)
  3 hungry ghosts
  A soldier ant (D:10)
  A water moccasin (D:6)
  4 porcupines (D:10)
  3 orc warriors
  5 sky beasts
  3 ice beasts
  3 black bears
  2 ogres
  5 necrophages (D:10)
  2 phantoms (D:7)
  4 centaurs
  2 crocodiles (D:10)
  5 bullfrogs
  A wyvern zombie (D:6)
  A wyvern skeleton (D:3)
  2 scorpions
  4 wights (D:10)
  8 crimson imps
  4 hounds
  3 centaur zombies
  2 bullfrog skeletons
  4 orc priests
  A gnoll shaman (D:9)
  8 orc wizards
  3 worker ants
  A hound zombie (D:10)
  A worker ant zombie (D:10)
  5 gnolls (D:9)
  5 adders
  A shadow imp (D:8)
  An adder skeleton (D:9)
  2 adder zombies
  3 worms
  2 dart slugs (D:1)
  9 leopard geckos
  20 orcs
  5 bats
  5 giant cockroaches
  4 goblins
  11 hobgoblins
  5 jackals
  3 quokkas
  A ball python (D:2)
  A ball python skeleton (D:5)
  4 frilled lizards
  5 kobolds
  A quokka skeleton (D:4)
  A quokka zombie (D:6)
  9 rats
  A fungus (D:10)
199 creatures vanquished.

Vanquished Creatures (others)
  18 fungi (D:10)
  A plant (D:10)
19 creatures vanquished.

Grand Total: 218 creatures vanquished

Notes
Turn   | Place    | Note
-------+----------+-------------------------------------------
     0 | D:1      | Lilu the Deep Elf Conjurer began the quest for the Orb.
     0 | D:1      | Reached XP level 1. HP: 10/10 MP: 6/6
   109 | D:1      | Reached XP level 2. HP: 15/15 MP: 1/8
   314 | D:1      | Reached skill level 5 in Conjurations
   944 | D:2      | Learned a level 2 spell: Searing Ray
  1098 | D:2      | Reached XP level 3. HP: 7/19 MP: 9/9
  1716 | D:3      | Reached XP level 4. HP: 23/24 MP: 10/10
  1722 | D:3      | Learned a level 4 spell: Iskenderun's Mystic Blast
  2102 | D:3      | Reached XP level 5. HP: 28/28 MP: 11/11
  2362 | D:4      | Noticed Grinder
  2436 | D:4      | Paralysed by Grinder for 2 turns
  2540 | D:4      | Killed Grinder
  2540 | D:4      | Reached XP level 6. HP: 32/32 MP: 7/12
  2802 | D:4      | You fall through a shaft for 2 floors!
  2836 | D:6      | Reached skill level 1 in Fighting
  2841 | D:6      | Reached XP level 7. HP: 31/38 MP: 4/13
  2975 | D:5      | Entered Level 5 of the Dungeon
  3049 | D:4      | Found a hazy altar of Hepliaklqana.
  3051 | D:4      | Found a deep blue altar of Sif Muna.
  4085 | D:6      | Found Nigaah's Gadget Shop.
  4171 | D:6      | Reached skill level 5 in Fighting
  4171 | D:6      | Reached XP level 8. HP: 49/49 MP: 14/14
  4701 | D:6      | Noticed Prince Ribbit
  4718 | D:6      | Killed Prince Ribbit
  5172 | D:6      | Reached XP level 9. HP: 58/58 MP: 15/15
  5273 | D:6      | Found Bowueps's Book Shoppe.
  5756 | D:7      | Reached skill level 5 in Dodging
  6173 | D:7      | Found a staircase to the Ecumenical Temple.
  6181 | Temple   | Entered the Ecumenical Temple
  6189 | Temple   | Became a worshipper of Vehumet
  6211 | D:7      | Noticed Pikel
  6288 | D:7      | Killed Pikel
  7545 | D:9      | Reached XP level 10. HP: 64/64 MP: 16/16
  7791 | D:9      | Noticed a two-headed ogre
  8076 | D:7      | Killed a two-headed ogre
  8076 | D:7      | Reached skill level 10 in Conjurations
  8461 | D:9      | Found a basalt altar of Yredelemnul.
  8708 | D:9      | Noticed a two-headed ogre
  8712 | D:9      | Killed a two-headed ogre
  8712 | D:9      | Reached skill level 10 in Dodging
  9102 | D:10     | Entered Level 10 of the Dungeon
  9127 | D:10     | Reached skill level 5 in Spellcasting
  9211 | D:10     | Reached * piety under Vehumet
  9211 | D:10     | Offered knowledge of Sting by Vehumet.
  9303 | D:10     | Found a staircase to the Lair.
  9304 | D:10     | Noticed a white ugly thing
  9659 | D:10     | Found a staircase to the Orcish Mines.
  9957 | D:10     | Learned a level 4 spell: Force Lance
 10182 | D:10     | Reached ** piety under Vehumet
 10182 | D:10     | Offered knowledge of Flame Tongue by Vehumet.
 10199 | D:10     | Reached skill level 1 in Translocations
 10467 | D:10     | Learned a level 3 spell: Mephitic Cloud
 10472 | D:10     | Learned a level 3 spell: Conjure Flame
 10553 | D:10     | Reached XP level 11. HP: 68/68 MP: 23/26
 10819 | D:10     | Noticed Josephine
 10847 | D:10     | Killed from afar by Josephine

Skill      XL: |  1  2  3  4  5  6  7  8  9 10 |
---------------+-------------------------------+-----
Conjurations   | 5 6 7 8 9 10 | 10.0
Fighting       | 1 5 7 8 |  8.8
Dodging        | 3 9 10 | 10.0
Spellcasting   | 9 |  9.3
Translocations | 2 |  2.7
Stealth        | |  2.4

Action                   |  1- 3 |  4- 6 |  7- 9 | 10-12 || total
-------------------------+-------+-------+-------+-------++-------
Melee: Unarmed           |     3 |       |       |       ||     3
       Club              |     9 |       |    12 |       ||    21
       Falchion          |       |       |    60 |    60 ||   120
 Cast: Magic Dart        |    56 |    39 |    54 |    69 ||   218
       Searing Ray       |     3 |    10 |    25 |    22 ||    60
       Iskenderun's Myst |       |    10 |    46 |    44 ||   100
       Conjure Flame     |       |       |       |     3 ||     3
  Use: Potion            |     3 |       |       |       ||     3
       Scroll            |     1 |       |       |       ||     1
 Stab: Sleeping          |       |       |     4 |     1 ||     5
  Eat: Chunk             |     2 |     3 |    18 |     8 ||    31
       Ration            |       |     1 |     2 |     3 ||     6
Armor: Robe              |     1 |     1 |    38 |    16 ||    56
Dodge: Dodged            |    16 |     8 |    80 |   115 ||   219
       Rpst.: Falchion   |       |       |    16 |    30 ||    46
